 Dungeon Crawl Stone Soup version 0.29.0-11-gd7f09526c8 (webtiles) character file.

Game seed: 12672867404794242732

49 Anothat the Caller (level 3, -3/21 HPs)
             Began as a Felid Summoner on Sept 4, 2022.
             Slain by an adder (4 damage)
             ... in a sewer.
             The game lasted 00:14:26 (2926 turns).

Anothat the Caller (Felid Summoner)                 Turns: 2926, Time: 00:14:26

Health: -3/21      AC:  1    Str:  4    XL:     3   Next: 51%
Magic:  1/7        EV: 17    Int: 18    God:
Gold:   220        SH:  0    Dex: 16    Spells: 0/6 levels left
                                        Lives:  0   Deaths: 1

rFire   . . .      SeeInvis +   (weapon unavailable)
rCold   . . .      Faith    .   (shield unavailable)
rNeg    . . .      Spirit   .   (body armour unavailable)
rPois   .          Reflect  .   (helmet unavailable)
rElec   .          Harm     .   (cloak unavailable)
rCorr   .          Rampage  .   (gloves unavailable)
Will    .....                   (boots unavailable)
Stlth   ..........              (no amulet)
HPRegen 0.07/turn               (no ring)
MPRegen 0.10/turn               (no ring)

@: berserking, lethally poisoned (-3 -> -8), quick
A: very small, claws 1, fangs 3, see invisible, speed 1, shaggy fur 1, stealthy
paws, no weapons or thrown items, no armour, multi-lived
a: no special abilities


You were in a sewer.
You visited 1 branch of the dungeon, and saw 3 of its levels.
You also visited: Sewer.

You collected 220 gold pieces.

Inventory:

Potions
 a - a potion of magic
 b - a potion of curing {unknown}
 c - a potion of resistance {unknown}
 d - 2 potions of mutation
 e - a potion of berserk rage
 g - a potion of haste {unknown}
 j - a potion of flight {unknown}


   Skills:
 - Level 3.0 Dodging
 - Level 3.0 Stealth
 - Level 2.1 Spellcasting
 + Level 5.6 Summonings


You couldn't memorise any spells.
You knew the following spells:

 Your Spells              Type           Power      Damage    Failure   Level
a - Summon Small Mammal   Summ           88%        N/A       1%          1
b - Call Imp              Summ           22%        N/A       2%          2
c - Call Canine Familiar  Summ           22%        N/A       5%          3

Your spell library contained the following spells:

 Spells                   Type           Power      Damage    Failure   Level
 Summon Guardian Golem    Hex/Summ       12%        N/A       17%         3
 Beastly Appendage        Tmut           2%         N/A       19%         1
 Shock                    Conj/Air       4%         1d3       19%         1
 Scorch                   Fire           2%         2d5       26%         2
 Wereblood                Tmut           1%         N/A       26%         2
 Spider Form              Tmut/Pois      1%         N/A       47%         3
 Swiftness                Air            1%         N/A       47%         3
 Summon Lightning Spire   Summ/Air       12%        N/A       50%         4
 Airstrike                Air            0%         2d(1-17)  87%         4
 Flame Wave               Conj/Fire      1%         2d4       87%         4
 Summon Cactus Giant      Summ           11%        N/A       95%         6


Dungeon Overview and Level Annotations

Branches:
Dungeon (3/15)              Sewer (1/1)

Altars:
Gozag

Shops:
D:1 :


Innate Abilities, Weirdness & Mutations

You have sharp claws.
You have razor-sharp teeth.
You have supernaturally acute eyesight. (SInv)
You cover ground quickly. (Speed+)
You are covered in fur. (AC +1)
Your paws help you pounce on unaware monsters.
You are incapable of wielding weapons or throwing items.
You cannot wear armour.
You gain extra lives every three experience levels.


Message History

The adder completely misses your hound. The adder attacks as you move away!
The adder closely misses you.
Your hound bites the adder.
The adder bites you.
You enter the shallow water.
Moving in this stuff is going to be slow.
An adder comes into view.
A quokka comes into view.
The adder misses you. The adder closely misses you.
Why would you want to do that? The adder misses you.
Something barely misses your hound.
Your hound barely misses the adder.
The adder misses you. The adder closely misses you.
Something bites your hound but does no damage.
The adder bites you but does no damage.
You aren't carrying any scrolls.
It was a potion of berserk rage.
A red film seems to cover your vision as you go berserk!
You feel yourself moving faster!
You feel mighty! The adder misses you.
The adder closely misses you. x2; The quokka completely misses you.
The adder bites your hound but does no damage.
The adder bites you.
Your unstable footing causes you to fumble your attack.
Your hound barely misses the adder.
The adder barely misses you. The adder bites you.
The adder barely misses your hound.
The quokka splashes around in the water.
The adder closely misses you.
You miss the adder.
The adder is almost dead.
Your hound splashes around in the water.
The adder misses you. The adder bites you.
* * * LOW HITPOINT WARNING * * *
You are lethally poisoned!
The adder poisons you! The adder closely misses your hound.
The quokka misses you. The adder bites you.
* * * LOW HITPOINT WARNING * * *
You miss the adder.
The adder is almost dead.
* * * LOW HITPOINT WARNING * * *
You feel sick.
Your hound closely misses the adder.
The adder bites you.
You die...

#[#..# #.'..+
#.'..+ #!#..# #
###S.# #~ #.~# #~≈
#~.#
###~≈~####S~####~
~~.~.~r@Sh~~~~~~~≈
≈≈≈≈≈≈≈SS≈~~≈≈≈≈≈≈
~~.~~~~..~~.~.~~~~
~###############≈≈
≈


You could see 4 adders, a quokka and a friendly hound (summoned).

Vanquished Creatures
  3 bats
  A frilled lizard (D:1)
4 creatures vanquished.

Vanquished Creatures (collateral kills)
  3 adders
  5 worms
  2 dart slugs
  4 bats
  5 endoplasms
  3 giant cockroaches (D:1)
  3 goblins
  3 hobgoblins
  A jackal (Sewer)
  A quokka (D:2)
  5 ball pythons
  5 frilled lizards
  8 kobolds
  2 rats
50 creatures vanquished.

Vanquished Creatures (others)
  3 toadstools (D:2)
  2 withered plants (D:1)
5 creatures vanquished.

Grand Total: 59 creatures vanquished

Notes
Turn   | Place    | Note
-------+----------+-------------------------------------------
     0 | D:1      | Anothat the Felid Summoner began the quest for the Orb.
     0 | D:1      | Reached XP level 1. HP: 7/7 MP: 4/4
   210 | D:1      | Found Guuravig's Book Shoppe.
   240 | D:1      | Reached XP level 2. HP: 11/11 MP: 0/6
   327 | D:1      | Learned a level 2 spell: Call Imp
   645 | D:1      | Reached XP level 3. HP: 14/14 MP: 2/7
   649 | D:1      | Learned a level 3 spell: Call Canine Familiar
   867 | D:1      | Found a faded altar of an unknown god.
  1585 | D:2      | Reached skill level 5 in Summonings
  1752 | D:2      | Found an opulent altar of Gozag.
  2019 | D:2      | Reached XP level 4. HP: 18/18 MP: 4/8
  2814 | D:3      | Found a glowing drain.
  2861 | Sewer    | Entered a sewer
  2871 | Sewer    | Slain by a river rat
  2872 | Sewer    | Reached XP level 3. HP: -3/14 MP: 1/7
  2926 | Sewer    | HP: 1/21 [poisoned by an adder]
  2926 | Sewer    | Slain by an adder

Illustrated notes

Levels and vault maps discovered:
D:1:      heliophobic_arrival_glass_houses, layout_rooms,
          ebering_ecumenical_altar_petrified, serial_shops, shop
D:2:      layout_basic, basic_altar, minmay_gold_behind_fungi,
          dk_noncrumbling_3, kennysheep_generic_room_13
D:3:      layout_basic, marbit_many_paths, cheibrodos_sewer_entry_bend,
          kennysheep_jessica_study
Sewer:    sewer_fruit_machine

Skill      XL: |  1  2  3 |
---------------+----------+-----
Stealth        | 3 |  3.0
Dodging        | 3 |  3.0
Summonings     | 5 |  5.6
Spellcasting   | |  2.1

Action                   |  1- 3 |  4- 6 || total
-------------------------+-------+-------++-------
Melee: Unarmed           |    23 |       ||    23
 Cast: Summon Small Mamm |    53 |     6 ||    59
       Call Imp          |    23 |    10 ||    33
       Call Canine Famil |     1 |     1 ||     2
  Use: Potion            |     1 |       ||     1
       Scroll            |       |     6 ||     6
Armor: Skin              |    10 |     1 ||    11
Dodge: Dodged            |    79 |     8 ||    87
